 Dungeon Crawl Stone Soup version 0.28-a0-1518-gbe868bca14 (webtiles) character file.

Game seed: 6330910818613149629

15955 Demosthentine the Slicer (level 12, -17/80 HPs)
             Began as a Kobold Berserker on Jan 16, 2022.
             Was an Elder of Trog.
             Demolished by a skeletal warrior (29 damage)
             ... led by a skeletal warrior
             ... on level 12 of the Dungeon.
             The game lasted 00:20:17 (15331 turns).

Demosthentine the Slicer (Kobold Berserker)        Turns: 15331, Time: 00:20:18

Health: -17/80     AC: 14    Str: 22    XL:     12   Next: 64%
Magic:  12/12      EV: 22    Int:  9    God:    Trog [****..]
Gold:   695        SH:  0    Dex: 17    Spells: 11/11 levels left

rFire   . . .      SeeInvis .   y - +0 short sword (speed)
rCold   . . .      Faith    +   (no shield)
rNeg    . . .      Spirit   .   A - +0 troll leather armour
rPois   .          Reflect  .   r - +1 helmet
rElec   .          Harm     .   j - +0 cloak
rCorr   .          Rampage  .   E - +0 pair of gloves
Will    .....                   (no boots)
Stlth   ++........              i - amulet of faith
HPRegen 1.03/turn               m - +4 ring of protection
MPRegen 0.13/turn               n - +6 ring of strength

@: on berserk cooldown, slowed, very slow
A: small, no large weapons, nightstalker 3
a: Renounce Religion, Berserk, Trog's Hand, Brothers in Arms


You were on level 12 of the Dungeon.
You worshipped Trog.
Trog was greatly pleased with you.
You visited 1 branch of the dungeon, and saw 12 of its levels.
You visited 1 bazaar.

You collected 849 gold pieces.
You spent 154 gold pieces at shops.

Inventory:

Hand Weapons
 a - a +1 vorpal short sword
 t - a +1 short sword of freezing
 y - a +0 short sword of speed (weapon)
Armour
 j - a +0 cloak (worn)
 r - a +1 helmet (worn)
 z - +0 acid dragon scales
 A - a +0 troll leather armour (worn)
 C - the +1 leather armour of the Arcane {Dex+2}
   (You found it on level 8 of the Dungeon)

   Dex:       It affects your dexterity (+2).
 E - a +0 pair of gloves (worn)
Jewellery
 d - an amulet of regeneration
 i - an amulet of faith (around neck)
 m - a +4 ring of protection (left hand)
 n - a +6 ring of strength (right hand)
 B - a ring of poison resistance
 I - an amulet of magic regeneration
Wands
 b - a wand of flame (39)
 k - a wand of polymorph (4)
 s - a wand of digging (7)
 D - a wand of charming (11)
 H - a wand of iceblast (4)
Scrolls
 e - 3 scrolls of vulnerability
 f - 4 scrolls of identify
 g - 2 scrolls of enchant weapon
 q - 3 scrolls of fog
Potions
 c - 4 potions of flight
 h - a potion of might
 l - 2 potions of invisibility
 o - a potion of resistance
 p - a potion of berserk rage
 u - 2 potions of haste
 v - a potion of heal wounds
 w - a potion of curing
 x - 2 potions of lignification
 F - a potion of mutation


   Skills:
 + Level 11.4 Fighting
 + Level 13.4 Short Blades
 + Level 8.6 Armour
 + Level 12.1 Dodging


You had 11 spell levels left.
You didn't know any spells.
Your spell library was empty.

Dungeon Overview and Level Annotations

Branches:
Dungeon (12/15)            Temple (0/1) D:6            Lair (0/6) D:9
    Orc (0/2) D:11

Altars:
Dithmenos
Elyvilon
Gozag
Kikubaaqudgha
Makhleb
Ru
Sif Muna
Wu Jian

Shops:
D:1 =   D:7 *

Annotations:
D:9 2 transporters


Innate Abilities, Weirdness & Mutations

You are small and have problems with some larger weapons.
You are completely attuned to the shadows.


Message History

Trog accepts your kill.
You closely miss the skeletal warrior.
The skeletal warrior is lightly damaged.
You completely miss the skeletal warrior.
The skeletal warrior is lightly damaged.
You puncture the skeletal warrior!
The skeletal warrior is moderately damaged.
You closely miss the skeletal warrior.
The skeletal warrior is moderately damaged.
You are no longer berserk.
You are exhausted.
You feel yourself slow down.
The skeletal warrior completely misses you.
You barely miss the skeletal warrior.
The skeletal warrior is moderately damaged.
You feel much better. The skeletal warrior misses you.
The skeletal warrior hits you with a +0 scimitar!
* * * LOW HITPOINT WARNING * * *
Okay, then.
You see here a +0 vorpal glaive.
The skeletal warrior hits you with a +0 scimitar!!
* * * LOW HITPOINT WARNING * * *
Blink to where?
Press: ? - help, Dir - move target
As you read the scroll of blinking, it crumbles to dust.
Okay, then.
Okay, then.
Unknown command.
You don't know any spells.
Unknown command.
Unknown command.
Okay, then.
Unknown command.
The skeletal warrior misses you.
There is a stone staircase leading down here.
The skeletal warrior hits you with a +0 scimitar!
* * * LOW HITPOINT WARNING * * *
The skeletal warrior hits you but does no damage.
The skeletal warrior hits you with a +0 scimitar!!
You die...

......###### ..
[......#<...####### ..
.......)[....'....# ##
.......#....##....#......+
.......#....##....#......#
.......#....#.....#......#
.......#....#######......##
###....#'####..............
#...[)..@z...>...........
#...)..(.........######..
#................# #..
#................# #.z
#..........####### #.)
#..........# ####'
#..........# ...).
#..........# .....
#......... .....


You could see a skeletal warrior.

Vanquished Creatures
  Gastronok (D:11)
  Erolcha (D:10)
  A centaur warrior (D:10)
  2 two-headed ogres (D:12)
  2 skeletal warriors (D:12)
  An ugly thing (D:11)
  5 centaur zombies
  Joseph (D:10)
  An eye of devastation (D:11)
  2 gargoyles
  Maggie (D:7)
  Psyche (D:11)
  A kobold demonologist (D:10)
  A komodo dragon (D:11)
  A tengu conjurer (D:10)
  2 trolls
  Grinder (D:3)
  A shadow (D:12)
  2 wyverns
  A vampire (D:10)
  3 hogs (D:11)
  A wraith (D:11)
  A human (D:11)
  5 vampire mosquitoes
  8 yaks
  Duvessa (D:7)
  2 water moccasins (D:9)
  2 acid dragons
  3 orc warriors
  A black bear (D:8)
  An ice beast (D:8)
  3 sky beasts
  An ogre (D:4)
  4 wolves (D:9)
  3 centaurs
  2 kobold brigands
  Blork the orc (D:4)
  A bullfrog (D:7)
  A gnoll sergeant (D:12)
  A wyvern zombie (D:6)
  2 scorpions
  A water moccasin zombie (D:6)
  Dowan (D:7)
  11 killer bees
  7 electric eels (D:9)
  A wight (D:10)
  A crimson imp (D:6)
  3 hounds (D:9)
  3 jellies
  A centaur skeleton (D:7)
  2 orc priests
  Crazy Yiuf (D:7)
  A gnoll shaman (D:10)
  3 iguanas
  Ijyb (D:5)
  Natasha (twice) (D:3)
  7 orc wizards
  3 killer bee zombies
  A howler monkey zombie (D:5)
  Robin (D:3)
  A howler monkey skeleton (D:7)
  6 gnolls
  3 adders
  2 shadow imps
  2 white imps (D:7)
  2 adder skeletons (D:2)
  An adder zombie (D:5)
  3 worms
  26 orcs
  5 bats
  A bat skeleton (D:2)
  4 endoplasms
  2 giant cockroaches (D:3)
  16 goblins
  10 hobgoblins
  7 jackals
  A quokka (D:2)
  8 ball pythons
  3 ball python zombies (D:2)
  3 frilled lizards
  2 giant cockroach zombies (D:2)
  17 kobolds
  A quokka zombie (D:2)
  5 rats
258 creatures vanquished.

Notes
Turn   | Place    | Note
-------+----------+-------------------------------------------
     0 | D:1      | Demosthentine the Kobold Berserker began the quest for the
                  | Orb.
     0 | D:1      | Reached XP level 1. HP: 14/14 MP: 1/1
   592 | D:1      | Reached XP level 2. HP: 19/19 MP: 2/2
   613 | D:1      | You fall into a shaft and drop 1 floor!
   649 | D:2      | Found a faded altar of an unknown god.
  1113 | D:1      | Reached XP level 3. HP: 23/23 MP: 3/3
  1211 | D:1      | Found Desue's Jewellery Boutique.
  1676 | D:2      | Reached ** piety under Trog
  2358 | D:2      | Reached XP level 4. HP: 29/29 MP: 4/4
  2647 | D:3      | Found an opulent altar of Gozag.
  2693 | D:3      | Noticed Robin
  2715 | D:3      | Killed Robin
  2987 | D:3      | Noticed Grinder
  3000 | D:3      | Killed Grinder
  3001 | D:3      | Reached skill level 5 in Short Blades
  3001 | D:3      | Reached XP level 5. HP: 34/34 MP: 5/5
  3001 | D:3      | Reached XP level 6. HP: 39/39 MP: 6/6
  3264 | D:3      | Found a sacrificial altar of Ru.
  3324 | D:3      | Reached *** piety under Trog
  3568 | D:3      | Noticed Natasha
  3579 | D:3      | Killed Natasha
  3951 | D:3      | Noticed Natasha
  3957 | D:3      | Killed Natasha
  4033 | D:4      | Reached XP level 7. HP: 44/44 MP: 7/7
  4060 | D:4      | Reached skill level 5 in Fighting
  4063 | D:4      | Reached skill level 6 in Short Blades
  4302 | D:4      | Noticed Blork the orc
  4306 | D:4      | Killed Blork the orc
  4571 | D:4      | Reached skill level 5 in Dodging
  4735 | D:4      | Noticed a yak
  4738 | D:4      | Noticed a yak
  4745 | D:4      | Noticed a yak
  4749 | D:4      | Killed a yak
  4750 | D:4      | Reached XP level 8. HP: 50/50 MP: 8/8
  4764 | D:4      | Killed a yak
  4765 | D:4      | Reached skill level 7 in Short Blades
  4770 | D:4      | Killed a yak
  4951 | D:5      | Entered Level 5 of the Dungeon
  5113 | D:5      | Noticed Ijyb
  5135 | D:5      | Killed Ijyb
  6280 | D:5      | Reached **** piety under Trog
  6646 | D:6      | Reached XP level 9. HP: 49/56 MP: 9/9
  6743 | D:6      | Found an ancient bone altar of Kikubaaqudgha.
  6771 | D:6      | Found a staircase to the Ecumenical Temple.
  6786 | D:6      | Reached skill level 8 in Short Blades
  6876 | D:6      | Reached skill level 5 in Armour
  7130 | D:6      | Found a burning altar of Makhleb.
  7395 | D:7      | Noticed Maggie
  7425 | D:7      | Found a shadowy altar of Dithmenos.
  7445 | D:7      | Killed Maggie
  7446 | D:7      | Reached skill level 9 in Short Blades
  7639 | D:7      | Found Neuxzu Tubb's General Store.
  7640 | D:7      | Found Setus's Specific Store.
  7682 | D:7      | Bought a scroll of identify for 24 gold pieces
  7686 | D:7      | Bought a potion of resistance for 130 gold pieces
  7736 | D:7      | Found a runed translucent door.
  7739 | D:7      | Noticed Crazy Yiuf
  7771 | D:7      | Found an ornate altar of the Wu Jian Council.
  7817 | D:7      | Noticed Duvessa
  7826 | D:7      | Noticed Dowan
  7833 | D:7      | Killed Duvessa
  7835 | D:7      | Killed Dowan
  7836 | D:7      | Reached XP level 10. HP: 64/64 MP: 10/10
  8587 | D:7      | Killed Crazy Yiuf
  8801 | D:8      | Found a white marble altar of Elyvilon.
  8888 | D:8      | Identified the +1 leather armour of the Arcane {Dex+2}
  9100 | D:8      | Found a shimmering blue altar of Sif Muna.
  9570 | D:9      | Found a transporter.
  9665 | D:9      | Reached skill level 10 in Short Blades
 10209 | D:9      | Found a transporter.
 10772 | D:9      | Found a staircase to the Lair.
 11797 | D:10     | Entered Level 10 of the Dungeon
 12134 | D:10     | Reached XP level 11. HP: 71/71 MP: 11/11
 12339 | D:10     | Reached skill level 11 in Short Blades
 12357 | D:10     | Reached skill level 10 in Dodging
 12535 | D:10     | Noticed a centaur warrior
 12538 | D:10     | Noticed Joseph
 12540 | D:10     | Noticed a sun demon
 12540 | D:10     | Noticed Erolcha
 12561 | D:10     | Killed a centaur warrior
 12574 | D:10     | Killed Erolcha
 12623 | D:10     | Killed Joseph
 12624 | D:10     | Reached skill level 10 in Fighting
 13016 | D:11     | Noticed Psyche
 13053 | D:11     | Reached skill level 12 in Short Blades
 13103 | D:11     | Killed Psyche
 13171 | D:11     | Found a flickering gateway to a bazaar.
 13177 | Bazaar   | Entered a bazaar
 13248 | Bazaar   | Found Uluch's Weapon Shop.
 13256 | Bazaar   | Found Huhan's Jewellery Emporium.
 13267 | Bazaar   | Found Yhyx's Antique Weapon Shop.
 13283 | Bazaar   | Found Fucaot's Jewellery Shoppe.
 13402 | D:11     | Found a staircase to the Orcish Mines.
 13404 | D:11     | Noticed Gastronok
 13438 | D:11     | Killed Gastronok
 13610 | D:11     | Reached XP level 12. HP: 48/79 MP: 12/12
 14784 | D:12     | Reached skill level 13 in Short Blades
 14852 | D:12     | Noticed an eight-headed hydra
 14913 | D:11     | an eight-headed hydra changed into an eye of devastation
 14998 | D:12     | Noticed a two-headed ogre
 15014 | D:12     | Killed a two-headed ogre
 15087 | D:12     | Noticed a two-headed ogre
 15102 | D:12     | Killed a two-headed ogre
 15243 | D:12     | Noticed a skeletal warrior
 15243 | D:12     | Noticed a skeletal warrior
 15243 | D:12     | Noticed a skeletal warrior
 15276 | D:12     | Killed a skeletal warrior
 15309 | D:12     | Killed a skeletal warrior
 15317 | D:12     | HP: 2/80 [skeletal warrior[a skeletal warrior] (25)]
 15331 | D:12     | Demolished by a skeletal warrior

Illustrated notes

Levels and vault maps discovered:
D:1:      dpeg_arrival_lava_temple_mockup, layout_rooms, serial_shops, shop,
          fountainhead
D:2:      layout_basic, basic_ecumenical_altar, serial_undead, serial_undead_a,
          serial_undead_a, serial_undead_e, serial_undead_d, serial_undead_a,
          serial_undead_d, serial_undead_c, serial_undead_d
D:3:      layout_loops_corners, nicolae_gozag_cash_rules_everything_around_me,
          mainiacjoe_overflow_24_doors, uniq_grinder, uniq_natasha, uniq_robin
D:4:      layout_cave_pools, uniq_blork_the_orc
D:5:      layout_basic, uniq_menkaure, uniq_ijyb
D:6:      layout_rooms, kiku_gazebo_pond_becter, makhleb_grotto_becter,
          minmay_temple_entry_large_hall, minivault_25
D:7:      layout_loops_cross, nicolae_dithmenos_shadow_blocks,
          lemuel_tele_altar, general_overflow_altar, nicolae_specific_store,
          minmay_crossroads, uniq_duvessa, uniq_crazy_yiuf_cottage, uniq_maggie
D:8:      layout_loops_cross, mainiacjoe_overflow_small_starburst,
          nicolae_elyvilon_peaceful_grove
D:9:      gammafunk_steamed_eel, layout_cave_pods, erik_lair_island,
          kennysheep_small_square
D:10:     layout_rooms, minmay_chambers_of_fives, uniq_joseph, uniq_erolcha
D:11:     layout_loops_ring, david_orc_2, serial_shops, bzr_in_the_mist,
          minmay_statues_item, grunt_livestock, uniq_psyche, uniq_gastronok
D:12:     layout_gridville, special_room [special_room_bee]

Skill      XL: |  1  2  3  4  5  6  7  8  9 10 11 12 |
---------------+-------------------------------------+-----
Dodging        | 3 4 5 6 8 9 11 12 | 12.1
Armour         | 2 3 4 5 6 7 8 |  8.6
Fighting       | 4 5 6 7 9 10 11 | 11.4
Short Blades   | 5 6 7 9 10 12 13 | 13.4

Action                   |  1- 3 |  4- 6 |  7- 9 | 10-12 || total
-------------------------+-------+-------+-------+-------++-------
Melee: Short sword       |   132 |   129 |   378 |  1090 ||  1729
       Punch             |     1 |     1 |     8 |    21 ||    31
Invok: Berserk           |     1 |     2 |    11 |    24 ||    38
       Trog's Hand       |       |       |       |     2 ||     2
Evoke: Wand              |       |       |       |     6 ||     6
  Use: Scroll            |     5 |     7 |     4 |     9 ||    25
       Potion            |       |       |     2 |     5 ||     7
 Stab: Sleeping          |    10 |    10 |     8 |     5 ||    33
       Distracted        |       |     2 |       |       ||     2
Armor: Animal skin       |    15 |    10 |    21 |       ||    46
       Leather armour    |       |       |    58 |     6 ||    64
       Acid dragon scale |       |       |       |   141 ||   141
       Troll leather arm |       |       |       |    21 ||    21
Dodge: Dodged            |    84 |    96 |   242 |   586 ||  1008

Table legend: (Time is in decaauts)
 A = Elapsed time spent in this place.
 B = Non-inter-level travel time spent in this place.
 C = Inter-level travel time spent in this place.
 D = Time resting spent in this place.
 E = Time spent auto-exploring this place.
 F = Levels seen in this place.
 G = Mean time per level.
                   A        B        C        D        E       F      G
               +--------+--------+--------+--------+--------+-----+--------+
         Total |  14824 |  14511 |    313 |   2089 |   9962 |  13 | 1140.3 |
       Dungeon |  14697 |  14384 |    313 |   2089 |   9857 |  12 | 1224.8 |
        Bazaar |    127 |    127 |      0 |      0 |    105 |   1 |  127.0 |
               +--------+--------+--------+--------+--------+-----+--------+

Top non-repeatable levels by time:
     D:9: 2159 daAuts
    D:11: 1532 daAuts
     D:3: 1459 daAuts
     D:1: 1364 daAuts
     D:5: 1318 daAuts
     D:7: 1289 daAuts
     D:2: 1192 daAuts
     D:4: 1132 daAuts
    D:10: 1065 daAuts
     D:6: 897 daAuts
     D:8: 823 daAuts
    D:12: 462 daAuts
  Bazaar: 127 daAuts
